 Dungeon Crawl Stone Soup version 0.30.1-4-g462c640d31 (webtiles) character file.

Game seed: 14440735573832878589

91 hawla the Firebug (level 5, -3/38 HPs)
             Began as a Meteoran Fire Elementalist on Aug 19, 2023.
             Slain by a hobgoblin (4 damage)
             ... led by Robin
             ... on level 2 of the Dungeon.
             The game lasted 00:03:38 (947 turns).

hawla the Firebug (Meteoran Fire Elementalist)       Turns: 947, Time: 00:03:40

Health: -3/38      AC:  2    Str:  9    XL:     5   Next: 12%
Magic:  1/10       EV: 12    Int: 19    God:
Gold:   71         SH:  0    Dex: 14    Spells: 3/10 levels left

rFire   + . .        f - +0 flail
rCold   + . .        (no shield)
rNeg    . . .        g - +0 robe {rC+ rF+}
rPois   .            (no helmet)
rElec   .            (no cloak)
rCorr   .            (no gloves)
SInv    .            (no boots)
Will    .....        (no amulet)
Stlth   +            (no ring)
HPRegen 0.26/turn    (no ring)
MPRegen 0.12/turn

%: no passive effects
@: mighty, glowing
A: sense surroundings 1, otherworldly, glowing, explore regen
a: no special abilities


You were on level 2 of the Dungeon.
You visited 1 branch of the dungeon, and saw 3 of its levels.

You collected 71 gold pieces.

Inventory:

Hand Weapons
 f - a +0 flail (weapon)
Armour
 g - a +0 robe of resistance (worn)
Wands
 d - a wand of roots (10) (quivered)
Scrolls
 e - 2 scrolls of identify {unknown}
Potions
 b - 2 potions of magic
 c - a potion of brilliance {unknown}
 h - a potion of attraction {unknown}


   Skills:
 - Level 2.7 Dodging
 - Level 1.4 Stealth
 - Level 3.2 Spellcasting
 + Level 3.3 Conjurations
 - Level 4.9 Fire Magic


You had 3 spell levels left.
You knew the following spells:

 Your Spells              Type           Power      Damage    Failure   Level
a - Foxfire               Conj/Fire      72%        2x1d7     2%          1
b - Scorch                Fire           42%        2d7       3%          2
c - Flame Wave            Conj/Fire      18%        2d7       26%         4

Your spell library contained the following spells:

 Spells                   Type           Power      Damage    Failure   Level
 Momentum Strike          Conj/Tloc      18%        3d8       12%         2
 Inner Flame              Hex/Fire       12%        N/A       16%         3
 Volatile Blastmotes      Fire/Tloc      24%        2d12      16%         3
 Ignite Poison            Fire/Tmut/Pois 9%         N/A       22%         3
 Mephitic Cloud           Conj/Pois/Air  7%         N/A       28%         3
 Chain Lightning          Conj/Air       4%         3d6       100%        9
 Fire Storm               Conj/Fire      9%         8d2       100%        9
 Shatter                  Erth           1%         3d6*      100%        9


Dungeon Overview and Level Annotations

Branches:
Dungeon (3/15) Zot: 840

Altars:

Annotations:
D:2 Robin


Innate Abilities, Weirdness & Mutations

You passively map a small area around you.
You are easily found by Zot.
You glow in the dark.
You regain HP and MP as you explore.


Message History

Casting: Flame Wave (extremely dangerous; 28% risk of failure)
Press: ? - help, Dir - look around, f - activate A wave of flame ripples out!
The flame wave engulfs the hobgoblin!
You kill the hobgoblin! (Press . to intensify the flame waves.) Unknown command.
A wave of flame ripples out!
The flame wave engulfs the goblin!
You kill the goblin!
You feel a bit more experienced.
The flame wave engulfs the goblin.
The goblin is severely wounded.
The flame wave engulfs the goblin!
You kill the goblin!
Robin throws the goblin at you!
A wave of flame ripples out!
The flame wave engulfs the goblin!
You kill the goblin!
The flame wave engulfs the goblin!
You kill the goblin!
The flame wave engulfs the hobgoblin.
The hobgoblin is heavily wounded.
The flame wave engulfs the goblin!
You kill the goblin!
You finish channelling waves of flame.
Unknown command.
Robin throws the goblin at you! The goblin barely misses you.
You see here a +0 dagger.
You hit the goblin but do no damage. The hobgoblin hits you!
The goblin barely misses you. The goblin hits you with a +0 dagger.
The hobgoblin hits you.
* * * LOW HITPOINT WARNING * * *
You closely miss the goblin.
Robin says, "Duck!"
The hobgoblin barely misses you. The goblin closely misses you.
Unknown command.
Okay, then.
It was a potion of might.
You feel very mighty all of a sudden. The goblin hits you with a +0 dagger.
* * * LOW HITPOINT WARNING * * *
The hobgoblin hits you.
You die...

,,....................[...
,
.#######.#############...
######.## #... #....†..#
########... *#>......#
#.......... * #.......#
#.......### #.......#
#.......### * *######g##
#........†. , #@#
#.......### , #g#
###.##### *, #g# #.# ,* ,,
,gg# #.# , * , )..#
#.####### *, , , ....#
#.......# ,.....#
#######.# ......# ####.#
##...... #.....


You could see Robin, 2 hobgoblins and 2 goblins.

Vanquished Creatures
  Jessica (D:2)
  Natasha (D:2)
  A worm (D:2)
  A dart slug (D:1)
  4 endoplasms
  A giant cockroach (D:2)
  10 goblins
  3 hobgoblins (D:2)
  A quokka (D:2)
  4 ball pythons
  A frilled lizard (D:2)
  6 rats
34 creatures vanquished.

Vanquished Creatures (others)
  21 foxfires
21 creatures vanquished.

Grand Total: 55 creatures vanquished

Notes
Turn   | Place    | Note
-------+----------+-------------------------------------------
     0 | D:1      | hawla the Meteoran Fire Elementalist began the quest for
                  | the Orb.
     0 | D:1      | Reached XP level 1. HP: 14/14 MP: 5/5
    81 | D:1      | Found a faded altar of an unknown god.
   103 | D:1      | Reached XP level 2. HP: 20/20 MP: 4/6
   107 | D:1      | Learned a level 2 spell: Scorch
   114 | D:1      | Reached skill level 4 in Fire Magic
   219 | D:2      | Noticed Natasha
   224 | D:2      | Killed Natasha
   225 | D:2      | Reached XP level 3. HP: 25/26 MP: 0/8
   237 | D:2      | Got the Codex of Free Expression
   272 | D:2      | Reached XP level 4. HP: 33/33 MP: 7/9
   277 | D:2      | Learned a level 4 spell: Flame Wave
   334 | D:2      | Noticed Jessica
   336 | D:2      | Killed Jessica
   776 | D:2      | You fall into a shaft and drop 1 floor!
   938 | D:2      | Noticed Robin
   941 | D:2      | Reached XP level 5. HP: 26/38 MP: 6/10
   947 | D:2      | HP: 1/38 [goblin/+0 dagger[Robin] (6)]
   947 | D:2      | Slain by a hobgoblin

Illustrated notes

Levels and vault maps discovered:
D:1:      nagdon_arrival_double_spiral, layout_loops_ring,
          hellmonk_ecumenical_altar_blasted
D:2:      layout_basic, uniq_natasha, uniq_robin, uniq_jessica
D:3:      layout_loops_cross, grunt_temple_overflow_cloverleaf

Skill      XL: |  1  2  3  4 |
---------------+-------------+-----
Fire Magic     | 4 |  4.9
Spellcasting   | 3 |  3.2
Conjurations   | 3 |  3.3
Dodging        | |  2.7
Stealth        | |  1.4

Action                     |  1- 3 |  4- 6 || total
---------------------------+-------+-------++-------
  Melee: Unarmed           |     6 |       ||     6
         Flail             |       |    31 ||    31
   Cast: Foxfire           |    13 |       ||    13
         Scorch            |     2 |     6 ||     8
         Flame Wave        |       |     1 ||     1
    Use: Potion            |       |     1 ||     1
   Stab: Sleeping          |       |     1 ||     1
 Armour: Robe              |       |     7 ||     7
  Dodge: Dodged            |     4 |    17 ||    21
